 Dungeon Crawl Stone Soup version 0.31.0-1-g2c135a0 (webtiles) character file.

Game seed: 17051003325871599579

575 bonegar the Covert (level 7, -1/57 HPs)
             Began as a Naga Enchanter on Feb 13, 2024.
             Slain by a bullfrog (6 damage)
             ... in a sewer.
             The game lasted 00:37:28 (2346 turns).

bonegar the Covert (Naga Enchanter)                 Turns: 2346, Time: 00:37:29

Health: -1/57      AC:  3    Str: 11    XL:     7   Next: 35%
Magic:  12/12      EV: 10    Int: 15    God:
Gold:   228        SH:  0    Dex: 13    Spells: 6/13 levels left

rFire   . . .        x - +2 dagger (venom)
rCold   . . .        (no shield)
rNeg    . . .        b - +0 robe
rPois   +            (no helmet)
rElec   .            (no cloak)
rCorr   .            (no gloves)
SInv    +            (no barding)
Will    +....        (no amulet)
Stlth   ++           k - ring of willpower
HPRegen 0.29/turn    (no ring)
MPRegen 0.13/turn

%: no passive effects
@: confused, mighty, ambrosia-drunk, very slightly contaminated, invisible, very
slow
A: AC +2, large, see invisible, deformed body, poison resistance, slowness 2,
spit poison 1, naga tail 1
a: Spit Poison


You were in a sewer.
You visited 1 branch of the dungeon, and saw 4 of its levels.
You also visited: Sewer.

You collected 228 gold pieces.

Inventory:

Hand Weapons
 a - a +1 dagger
 t - a +2 dire flail of venom
 x - a +2 dagger of venom (weapon)
Missiles
 w - 2 throwing nets
Armour
 b - a +0 robe (worn)
Jewellery
 g - a ring of see invisible
 k - a ring of willpower (left hand)
Scrolls
 e - 2 scrolls of identify
 f - a scroll of noise {unknown}
 j - a scroll of poison {unknown}
 p - a scroll of blinking {unknown}
 q - a scroll of torment {unknown}
 s - 2 scrolls of teleportation {unknown}
 u - a scroll of immolation {unknown}
 v - a scroll of vulnerability {unknown}
Potions
 i - a potion of cancellation
 l - 2 potions of might
 m - 2 potions of enlightenment {unknown}
 n - a potion of attraction {unknown}
 o - a potion of haste {unknown}
 r - a potion of berserk rage {unknown}
 z - a potion of mutation {unknown}


   Skills:
 + Level 1.0 Fighting
 + Level 3.1 Short Blades
 + Level 0.8 Maces & Flails
 + Level 2.1 Dodging
 + Level 8.1 Stealth
 + Level 3.7 Spellcasting
 + Level 3.9 Hexes
 + Level 1.6 Ice Magic


You had 6 spell levels left.
You knew the following spells:

 Your Spells              Type           Power      Damage    Failure   Level
a - Ensorcelled Hibernat  Hex/Ice        22%        N/A       9%          2
b - Tukima's Dance        Hex            14%        N/A       11%         3
c - Searing Ray           Conj           4%         2d4       28%         2

Your spell library contained the following spells:

 Spells                   Type           Power      Damage    Failure   Level
 Confusing Touch          Hex            14%        N/A       11%         3
 Magic Dart               Conj           8%         1d3       19%         1
 Shock                    Conj/Air       8%         1d3       19%         1
 Dazzling Flash           Conj/Hex       16%        N/A       26%         3
 Swiftness                Air            2%         N/A       50%         3
 Airstrike                Air            1%         2d(1-17)  88%         4
 Fulminant Prism          Conj/Alch      1%         3d5       88%         4


Dungeon Overview and Level Annotations

Branches:
Dungeon (6/15)              Sewer (1/1)
 Temple: D:4-7

Altars:
Hepliaklqana
Okawaru
Qazlal
Wu Jian


Innate Abilities, Weirdness & Mutations

Your serpentine skin is tough. (AC +2)
You have supernaturally acute eyesight. (SInv)
Armour fits poorly on your strangely shaped body.
Your system is resistant to poisons. (rPois)
You cover ground very slowly.
You can spit poison.
You have a snake-like lower body.


Message History

Nothing appears to happen.
The bullfrog hits you but does no damage.
The bullfrog hits you. The ball python bites you.
The giant cockroach bites you but does no damage.
The giant cockroach closely misses you. The bullfrog closely misses you.
The bullfrog hits you!
* * * LOW HITPOINT WARNING * * *
You feel better. The ball python barely misses you.
The giant cockroach closely misses you. x2; The bullfrog hits you. x2
* * * LOW HITPOINT WARNING * * *
The dart slug launches a dart at you. The slug dart misses you.
The slug dart hits the giant cockroach.
You feel better. The ball python bites you. The bullfrog barely misses you.
The bullfrog hits you.
The giant cockroach bites you but does no damage.
The giant cockroach closely misses you. The ball python closely misses you.
The bullfrog hits you but does no damage.
The bullfrog hits you.
* * * LOW HITPOINT WARNING * * *
You feel very mighty all of a sudden. The giant cockroach misses you.
The giant cockroach closely misses you. The bullfrog hits you.
* * * LOW HITPOINT WARNING * * *
The bullfrog hits you!
* * * LOW HITPOINT WARNING * * *
The ball python misses you. The giant cockroach bites you.
* * * LOW HITPOINT WARNING * * *
The giant cockroach bites you but does no damage.
You are confused.
You feel invigorated.
The bullfrog hits you but does no damage.
The bullfrog hits you.
* * * LOW HITPOINT WARNING * * *
The ball python bites you but does no damage.
The giant cockroach waves its antennae.
The giant cockroach barely misses you. The giant cockroach closely misses you.
The bullfrog barely misses you.
The dart slug splashes around in the water.
The bullfrog hits you.
You die...

#~~##.~~#####~.~##~.#..#
##~~#~~~##≈≈≈##~..#.~##.##
#~.~#~.##≈≈~≈≈##~~#~†.#~.#
#~~##~~#≈≈~.~≈≈#~~###~#~.#
#~†#~.##≈≈.~~.≈##~~~#~#~~#
#~~#~~#≈≈.~~~~.≈#~~∩#.#~~#
#†~#~~#≈≈...~S~≈#~~.#~#~~#
#~~#.~#≈~~=.SBF~#~.##~#~~#
#~.#~~#≈~.!?F@w~#~~#~~#~~#
#~.#~~#≈..($B~~.#.~#~~#.~#
#~.#.~##≈~."..~##..#~~~~~#
#~~##.~#≈...~~..~..#~..~.#
#~~~#~~##≈~~~~~~~###.~.~~#
##~~#~~~##≈~~~~###~#######
#~~##~†~#######~~~~~#
#~~~#~~~~~~~~~~.~~~~#
##~†##~~..~~†.~##.~##


You could see 2 bullfrogs, a dart slug, 2 giant cockroaches and 2 ball pythons.

Vanquished Creatures
  Edmund (D:6)
  A black bear (D:3)
  A centaur (D:6)
  An orc priest (D:6)
  2 hounds (D:6)
  A gnoll (D:1)
  10 adders
  11 dart slugs
  2 orcs (D:6)
  11 ball pythons
  9 endoplasms
  12 giant cockroaches
  7 hobgoblins
  6 jackals
  3 kobolds
  3 quokkas
  2 bats
  9 frilled lizards
  4 goblins
  3 rats (D:3)
99 creatures vanquished.

Notes
Turn   | Place    | Note
-------+----------+-------------------------------------------
     0 | D:1      | bonegar the Naga Enchanter began the quest for the Orb.
     0 | D:1      | Reached XP level 1. HP: 15/15 MP: 3/3
   347 | D:1      | Reached XP level 2. HP: 22/22 MP: 5/5
   350 | D:1      | Learned a level 2 spell: Ensorcelled Hibernation
   683 | D:1      | Reached XP level 3. HP: 28/28 MP: 3/6
  1064 | D:2      | Reached skill level 5 in Stealth
  1299 | D:3      | Reached XP level 4. HP: 36/36 MP: 3/8
  1379 | D:3      | Found an ornate altar of the Wu Jian Council.
  1408 | D:3      | Noticed a black bear
  1425 | D:3      | Killed a black bear
  1426 | D:3      | Reached XP level 5. HP: 25/42 MP: 0/9
  1524 | D:3      | Reached skill level 6 in Stealth
  1544 | D:3      | Found an iron altar of Okawaru.
  1669 | D:3      | Found a hazy altar of Hepliaklqana.
  1682 | D:3      | You fall into a shaft and drop 3 floors!
  1682 | D:6      | Found a stormy altar of Qazlal.
  1727 | D:6      | Noticed Edmund
  1736 | D:6      | Killed Edmund
  1737 | D:6      | Reached skill level 1 in Ice Magic
  1737 | D:6      | Reached XP level 6. HP: 44/50 MP: 7/11
  1910 | D:6      | Learned a level 3 spell: Tukima's Dance
  1913 | D:6      | Learned a level 2 spell: Searing Ray
  2057 | D:6      | Found a glowing drain.
  2064 | D:6      | Reached skill level 7 in Stealth
  2075 | D:6      | Reached XP level 7. HP: 56/56 MP: 12/12
  2111 | Sewer    | Entered a sewer
  2247 | Sewer    | Reached skill level 8 in Stealth
  2252 | Sewer    | Reached skill level 1 in Fighting
  2346 | Sewer    | Slain by a bullfrog

Illustrated notes

Levels and vault maps discovered:
D:1:      minmay_arrival_plants_in_alcoves, layout_basic
D:2:      layout_basic
D:3:      layout_rooms, mainiacjoe_overflow_24_doors,
          mainiacjoe_overflow_catch_the_wave, grunt_ministairs_6, minmay_unequal
D:6:      layout_rooms, nicolae_qazlal_general_emergency, gup_sewer_entry_glass,
          uniq_edmund
Sewer:    sewer_frog_island_02

Skill      XL: |  1  2  3  4  5  6  7 |
---------------+----------------------+-----
Stealth        | 5 6 7 8 |  8.1
Short Blades   | 2 3 |  3.1
Spellcasting   | 3 |  3.7
Dodging        | 2 |  2.1
Ice Magic      | 1 |  1.6
Fighting       | 1 |  1.0
Maces & Flails | |  0.8
Hexes          | |  3.9

Action                     |  1- 3 |  4- 6 |  7- 9 || total
---------------------------+-------+-------+-------++-------
  Melee: Dagger            |    80 |    40 |   108 ||   228
         Dire flail        |       |     7 |       ||     7
         Punch             |       |       |     1 ||     1
   Cast: Ensorcelled Hiber |    13 |    17 |     5 ||    35
         Searing Ray       |       |       |     2 ||     2
    Use: Potion            |       |     1 |     5 ||     6
         Scroll            |       |     4 |       ||     4
   Stab: Sleeping          |    21 |    13 |    10 ||    44
         Invisible         |       |     1 |       ||     1
 Armour: Robe              |    52 |    28 |    92 ||   172
  Dodge: Dodged            |    40 |    27 |    69 ||   136
